Khor, lawful female human Knight #|..----------------- --- -...................| --.-- .....------------.-.| |..)| .)))...| #.... |...| |-.....| .... |.C@- |.......- -.... --... ---.|........ |.... --... --..........). |....... |.(.. --...........^. |....... --).. |..........-... |...#|.. --.. |..--.---- --... |>. ------- |.... |.. ---..- |..)... -------- |...... ......<. --.^.*......------ ---......... --...--. Khor the Bachelor Experience level: 7 Strength: 14 Dexterity: 10 Constitution: 12 Intelligence: 11 Wisdom: 15 Charisma: 18 Health: 0(49) Energy: 54(54) AC: 7 Gold: 270 Moves: 2282 Your Inventory: Coins $ - 270 gold pieces Weapons a - an uncursed +1 long sword b - an uncursed +1 lance (weapon in hand) Armor d - an uncursed +0 helmet (being worn) e - an uncursed +0 small shield (being worn) f - an uncursed +0 pair of leather gloves (being worn) r - a [cursed -1] pair of riding gloves named found cursed [gauntlets of fumbling] Comestibles g - 10 uncursed apples h - 10 uncursed carrots Scrolls j - a [cursed] unlabeled scroll [of blank paper] p - an [uncursed] scroll labeled THARR [of identify] w - a [blessed] scroll labeled THARR [of identify] Potions o - a [blessed] brown potion [of sickness] s - a [cursed] indigo potion [of confusion] u - an [uncursed] puce potion [of object detection] Wands v - an [uncursed] wand of striking [0:3] Tools k - an [uncursed] lock pick l - an [uncursed] leash Spells known in the end: Name Level Category Fail Memory Your skills at the end: Fighting Skills riding [Basic / Expert] Weapon Skills long sword [Basic / Expert] lance [Basic / Expert] Spellcasting Skills Final Attributes: You were piously aligned. Hunger level was 237. Your alignment was 20 / 21. Monster difficulty range was 0 - 6. Level difficulty was 5. You could jump. You were fast. Your luck was zero. You are dead. Vanquished creatures: a gnome king 3 gnome lords a giant ant a little dog an iguana 3 killer bees an acid blob a coyote 2 hobbits a large kobold 2 hobgoblins 3 giant rats 2 brown molds a green mold 26 gnomes 2 geckos 5 jackals a fox 2 kobolds 2 goblins 9 grid bugs 4 lichens a kobold zombie 4 newts 79 creatures vanquished. Voluntary challenges: You were an atheist. You were illiterate. You used a wielded weapon 78 times. You put on armor 4 times. You never genocided any monsters. You never polymorphed an object. You never changed form. You used no wishes. You never wrote Elbereth's name. You never encountered a bones level. You never used any Sokoban shortcuts. Dungeon overview: The Dungeons of Doom: levels 1 to 5 Level 1 a fountain a long staircase Level 2 a fountain Level 4 a sink stairs to The Gnomish Mines The Gnomish Mines: levels 5 to 8 Level 5 <- You were here stairs to The Dungeons of Doom History has recorded: On T:1 you entered the Dungeons of Doom to retrieve the Amulet of Yendor! On T:239 you advanced to experience level 2. On T:309 you reached level 2 of The Dungeons of Doom. On T:775 you reached level 3 of The Dungeons of Doom. On T:997 you advanced to experience level 3. On T:1172 you reached level 4 of The Dungeons of Doom. On T:1223 you reached level 5 of The Dungeons of Doom. On T:1297 you advanced to experience level 4. On T:1809 you reached level 1 of The Gnomish Mines. On T:1824 you advanced to experience level 5. On T:1968 you reached level 4 of The Gnomish Mines. On T:1987 you reached level 3 of The Gnomish Mines. On T:1995 you reached level 2 of The Gnomish Mines. On T:2058 you advanced to experience level 6. On T:2259 you advanced to experience level 7. Latest messages: This carrot is delicious! This carrot is delicious! You feel less confused now. The gnome lord hits! You kill the gnome lord! Welcome to experience level 7. You feel quick! You hear some noises in the distance. You are hit by a dagger. You kill the gnome! You hit the gnome. You kill the gnome! The gnome picks up a dagger. You kill the gnome! You are almost hit by a dagger. You hit the plains centaur. The plains centaur thrusts his dagger. The plains centaur hits! The plains centaur kicks! You miss the plains centaur. The plains centaur thrusts his dagger. The plains centaur hits! The plains centaur kicks! The plains centaur thrusts his dagger. The plains centaur hits! You die... Final status: Fare thee well Khor the Knight... You died in The Gnomish Mines on dungeon level 5 with 1689 points, and 270 pieces of gold, after 2282 moves. You were level 7 with a maximum of 49 hit points when you died.